 Dungeon Crawl Stone Soup version 0.25.1-2-g60ff931df9 (webtiles) character file.

Game seed: 655171640840824304

2419 gruber the Magician (level 9, 0/69 HPs)
             Began as a Gnoll Skald on Oct 8, 2020.
             Was a Believer of Vehumet.
             Slain by a two-headed ogre
             ... wielding a +0 giant club
              (3 damage)
             ... on level 8 of the Dungeon.
             The game lasted 00:09:44 (8751 turns).

gruber the Magician (Gnoll Skald)                   Turns: 8751, Time: 00:09:45

Health: 0/69       AC:  9    Str: 13    XL:     9   Next: 48%
Magic:  12/18      EV: 14    Int: 19    God:    Vehumet [**....]
Gold:   224        SH:  0    Dex: 11    Spells: 12/21 levels left

rFire    . . .     SeeInvis .   a - +0 falchion
rCold    . . .     Gourm    .   (no shield)
rNeg     . . .     Faith    .   b - +0 leather armour
rPois    .         Spirit   .   G - +1 helmet
rElec    .         Reflect  .   (no cloak)
rCorr    .         Harm     .   (no gloves)
MR       .....                  (no boots)
Stlth    ++........             s - amulet of regeneration
HPRegen  0.61/turn              j - -4 ring of dexterity (curse)
MPRegen  0.16/turn              A - +4 ring of protection

@: very slightly contaminated
A: distributed training, fangs 1, strong nose
a: Renounce Religion


You were on level 8 of the Dungeon.
You worshipped Vehumet.
Vehumet was pleased with you.
You were not hungry.

You visited 1 branch of the dungeon, and saw 8 of its levels.

You collected 350 gold pieces.
You spent 126 gold pieces at shops.

Inventory:

Hand Weapons
 a - a +0 falchion (weapon)
 x - a +1 vampiric dagger
 y - a +1 dagger of pain
Missiles
 f - 19 poisoned darts (quivered)
 w - 8 silver javelins
 K - 7 curare-tipped darts
Armour
 b - a +0 leather armour (worn)
 G - a +1 helmet (worn)
 L - the +3 leather armour of Cocytus {*Slow Str+5 Slay+5, unknown}
   (You found it on level 7 of the Dungeon)

   It affects your strength (+5).
   It affects your accuracy and damage with ranged weapons and melee attacks
   (+5).
   It may slow you when you take damage.
Jewellery
 j - a cursed -4 ring of dexterity (left hand)
 k - a +6 ring of strength
 o - an uncursed ring of magical power
 s - an amulet of regeneration (around neck)
 A - a +4 ring of protection (right hand)
 H - an uncursed ring of wizardry {unknown}
Wands
 v - a wand of digging (3)
Scrolls
 g - a scroll of immolation
 h - 2 scrolls of enchant weapon {unknown}
 i - 2 scrolls of fear {unknown}
 l - 2 scrolls of amnesia {unknown}
 n - 2 scrolls of random uselessness {unknown}
 p - a scroll of fog {unknown}
 q - 2 scrolls of teleportation {unknown}
 r - 2 scrolls of remove curse {unknown}
 t - a scroll of summoning {unknown}
 D - 3 scrolls of identify {unknown}
 E - a scroll of blinking {unknown}
 F - a scroll of magic mapping {unknown}
Potions
 c - 8 potions of curing
 e - 2 potions of brilliance {unknown}
 m - a potion of invisibility {unknown}
 u - 2 potions of berserk rage {unknown}
 z - 3 potions of lignification {unknown}
 B - 4 potions of degeneration {unknown}
 C - a potion of resistance {unknown}
 I - a potion of haste {unknown}
 J - a potion of flight {unknown}
 N - a potion of mutation {unknown}
Comestibles
 d - 12 rations
 M - 8 chunks of flesh


   Skills:
 + Level 6.3 Fighting
 + Level 4.2 Short Blades
 + Level 6.3 Long Blades
 + Level 4.2 Axes
 + Level 4.2 Maces & Flails
 + Level 4.2 Polearms
 + Level 4.2 Staves
 + Level 4.2 Slings
 + Level 4.2 Bows
 + Level 4.2 Crossbows
 + Level 4.2 Throwing
 + Level 5.0 Armour
 + Level 6.3 Dodging
 + Level 4.2 Stealth
 + Level 4.2 Shields
 + Level 4.2 Unarmed Combat
 + Level 6.6 Spellcasting
 + Level 3.4 Conjurations
 + Level 3.4 Hexes
 + Level 6.5 Charms
 + Level 3.4 Summonings
 + Level 3.4 Necromancy
 + Level 3.4 Translocations
 + Level 3.4 Transmutations
 + Level 3.4 Fire Magic
 + Level 3.4 Ice Magic
 + Level 3.4 Air Magic
 + Level 3.4 Earth Magic
 + Level 3.4 Poison Magic
 + Level 4.6 Invocations
 + Level 4.2 Evocations


You had 12 spell levels left.
You knew the following spells:

 Your Spells              Type           Power        Failure   Level  Hunger
a - Infusion              Chrm           ####         1%          1    None
b - Song of Slaying       Chrm           ####....     1%          2    None
c - Shroud of Golubria    Chrm/Tloc      ####..       2%          2    None
d - Spectral Weapon       Hex/Chrm       ####....     4%          3    ##.....
e - Foxfire               Conj/Fire      ###.         3%          1    None

Your spell library contained the following spells:

 Spells                   Type           Power        Failure   Level  Hunger
 Inner Flame              Hex/Fire       ###.....     10%         3    ##.....
 Animate Skeleton         Necr           N/A          3%          1    None
 Apportation              Tloc           ###...       3%          1    None
 Corona                   Hex            ###....      3%          1    None
 Summon Small Mammal      Summ           ###.         3%          1    None
 Ozocubu's Armour         Chrm/Ice       ####....     4%          3    ##.....
 Confusing Touch          Hex            ###.....     10%         3    ##.....
 Gell's Gravitas          Tloc           ###.......   10%         3    ##.....
 Petrify                  Tmut/Erth      ###.....     30%         4    ####...
 Metabolic Englaciation   Hex/Ice        ###.......   65%         5    #####..
 Yara's Violent Unravell  Hex/Tmut       ###.......   65%         5    #####..


Dungeon Overview and Level Annotations

Branches:
Dungeon (8/15)             Temple (0/1) D:6
   Lair: D:8-11

Altars:
Gozag
Sif Muna
Vehumet
Xom
Yredelemnul
Zin
The Shining One
Beogh

Shops:
D:4 =   D:6 **

Annotations:
D:3 3 runed translucent doors, Bvern's ghost, amateur OpTm
D:4 1 runed translucent door, gruber's ghost, amateur OpVM


Innate Abilities, Weirdness & Mutations

Your experience applies equally to all skills.
You have very sharp teeth.
Your uncanny sense of smell can sniff out nearby items.


Message History

The two-headed ogre misses you.
Unknown command.
Unknown command.
You hit the two-headed ogre.
You bite the two-headed ogre, but do no damage.
The two-headed ogre is almost dead.
The two-headed ogre closely misses you.
The two-headed ogre hits you with a +0 giant club.
* * * LOW HITPOINT WARNING * * *
Unknown command.
Unknown command.
You hit the two-headed ogre but do no damage.
The two-headed ogre is almost dead.
Unknown command.
Unknown command.
You hit the two-headed ogre. Your bite misses the two-headed ogre.
The two-headed ogre is almost dead.
The two-headed ogre misses you.
The two-headed ogre hits you with a +0 giant club.
You die...

..........# #..... ..........#
#.##+# ..........###.#...
..........+.#.#... .... ∆
..........#.#.#... ..>.... ∆
.................. .........
########.........#.
........#######.....##...........
........+......O@...'...........>
........##...##.....##...........
.............##.....##....###....
...........####........#..# .....
#....................#.#..# .....
...............##....#.#....
...............##....###..... .
.######........##...## ... .
###....#<...+...# #


You could see a two-headed ogre.

Vanquished Creatures
  Psyche (D:8)
  Prince Ribbit (D:5)
  Edmund (D:5)
  A sky beast (D:7)
  A black bear (D:6)
  An orc warrior (D:7)
  A phantom (D:6)
  3 centaurs
  3 ogres
  2 bullfrogs
  A scorpion (D:5)
  A bullfrog zombie (D:5)
  A quasit (D:5)
  A centaur zombie (D:3)
  An orc priest (D:3)
  A bullfrog skeleton (D:6)
  A centaur skeleton (D:5)
  2 orc wizards
  2 iguanas (D:7)
  Ijyb (D:4)
  5 worker ants
  2 hound skeletons (D:3)
  Robin (D:3)
  A howler monkey skeleton (D:6)
  A worker ant zombie (D:3)
  2 gnolls (D:8)
  10 adders
  2 shadow imps
  An adder zombie (D:5)
  An ooze (D:3)
  2 adder skeletons
  2 worms
  6 leopard geckos
  17 orcs
  A ball python (D:1)
  5 giant cockroaches
  16 goblins
  8 hobgoblins
  9 jackals
  4 kobolds
  7 quokkas
  5 bats
  2 frilled lizards
  4 leopard gecko skeletons
  A leopard gecko zombie (D:3)
  A quokka zombie (D:3)
  11 rats
154 creatures vanquished.

Vanquished Creatures (others)
  169 foxfires
  3 spectral weapons
172 creatures vanquished.

Grand Total: 326 creatures vanquished

Notes
Turn   | Place    | Note
-------+----------+-------------------------------------------
     0 | D:1      | gruber the Gnoll Skald began the quest for the Orb.
     0 | D:1      | Reached XP level 1. HP: 20/20 MP: 6/6
   432 | D:1      | Reached XP level 2. HP: 26/26 MP: 7/7
   474 | D:1      | Learned a level 2 spell: Song of Slaying
   477 | D:1      | Learned a level 2 spell: Shroud of Golubria
   954 | D:2      | Reached XP level 3. HP: 31/31 MP: 9/9
   971 | D:2      | Learned a level 3 spell: Spectral Weapon
   979 | D:2      | Reached skill level 5 in Spellcasting
  1392 | D:2      | Found a radiant altar of Vehumet.
  1450 | D:2      | Became a worshipper of Vehumet
  1514 | D:2      | Reached skill level 1 in Invocations
  2138 | D:3      | Reached skill level 1 in Short Blades
  2138 | D:3      | Reached skill level 1 in Axes
  2138 | D:3      | Reached skill level 1 in Maces & Flails
  2138 | D:3      | Reached skill level 1 in Polearms
  2138 | D:3      | Reached skill level 1 in Staves
  2138 | D:3      | Reached skill level 1 in Slings
  2138 | D:3      | Reached skill level 1 in Bows
  2138 | D:3      | Reached skill level 1 in Crossbows
  2138 | D:3      | Reached skill level 1 in Throwing
  2138 | D:3      | Reached skill level 1 in Stealth
  2138 | D:3      | Reached skill level 1 in Shields
  2138 | D:3      | Reached skill level 1 in Unarmed Combat
  2138 | D:3      | Reached skill level 1 in Evocations
  2138 | D:3      | Reached XP level 4. HP: 14/38 MP: 7/11
  2392 | D:3      | Reached skill level 1 in Conjurations
  2392 | D:3      | Reached skill level 1 in Hexes
  2392 | D:3      | Reached skill level 1 in Summonings
  2392 | D:3      | Reached skill level 1 in Necromancy
  2392 | D:3      | Reached skill level 1 in Translocations
  2392 | D:3      | Reached skill level 1 in Transmutations
  2392 | D:3      | Reached skill level 1 in Fire Magic
  2392 | D:3      | Reached skill level 1 in Ice Magic
  2392 | D:3      | Reached skill level 1 in Air Magic
  2392 | D:3      | Reached skill level 1 in Earth Magic
  2392 | D:3      | Reached skill level 1 in Poison Magic
  2477 | D:3      | Found a runed translucent gate.
  2477 | D:3      | Identified the +8 chain mail "Mumeufof" {MR+}
  2478 | D:3      | Found a runed translucent gate.
  2478 | D:3      | Noticed Bvern's ghost (amateur OpTm)
  2479 | D:3      | Found a runed translucent gate.
  2503 | D:3      | Found a roughly hewn altar of Beogh.
  2632 | D:3      | Reached XP level 5. HP: 39/43 MP: 4/12
  2884 | D:3      | Noticed Robin
  2897 | D:3      | Killed Robin
  2915 | D:3      | Reached * piety under Vehumet
  2915 | D:3      | Offered knowledge of Freeze by Vehumet.
  3095 | D:3      | Reached XP level 6. HP: 46/50 MP: 13/13
  3346 | D:4      | Noticed Ijyb
  3357 | D:4      | Killed Ijyb
  3573 | D:4      | Found a runed translucent door.
  3575 | D:4      | Noticed gruber's ghost (amateur OpVM)
  3575 | D:4      | Noticed an orc warrior
  3625 | D:4      | Found Piaxa's Jewellery Shop.
  3667 | D:4      | Identified the +3 ring mail of Gehenna {rPois rF+ Regen+}
  3712 | D:4      | Reached skill level 5 in Fighting
  3712 | D:4      | Reached skill level 5 in Long Blades
  3712 | D:4      | Reached skill level 5 in Dodging
  4121 | D:4      | Offered knowledge of Foxfire by Vehumet.
  4328 | D:4      | Learned a level 1 spell: Foxfire
  4334 | D:4      | Reached ** piety under Vehumet
  4877 | D:5      | Entered Level 5 of the Dungeon
  5161 | D:5      | Noticed Prince Ribbit
  5172 | D:5      | Killed Prince Ribbit
  5172 | D:5      | Reached XP level 7. HP: 56/56 MP: 5/15
  5287 | D:5      | Noticed Edmund
  5323 | D:5      | Killed Edmund
  5743 | D:5      | Found a shimmering blue altar of Sif Muna.
  5799 | D:5      | Reached XP level 8. HP: 63/63 MP: 7/16
  6098 | D:6      | Found Huutaol's General Store.
  6131 | D:6      | Bought 3 potions of curing for 126 gold pieces
  6180 | D:6      | Found an opulent altar of Gozag.
  6190 | D:6      | Found Gozag's Platinum Reserve.
  6645 | D:6      | Found a staircase to the Ecumenical Temple.
  6741 | D:6      | Found a basalt altar of Yredelemnul.
  6856 | D:6      | Found a glowing golden altar of the Shining One.
  6858 | D:6      | Noticed an angel
  7313 | D:7      | Found a glowing silver altar of Zin.
  7718 | D:7      | Got a faintly humming leather armour
  7769 | D:7      | Reached XP level 9. HP: 56/69 MP: 16/18
  7813 | D:7      | Offered knowledge of Inner Flame by Vehumet.
  8429 | D:8      | Noticed Psyche
  8440 | D:8      | Killed Psyche
  8446 | D:8      | Reached skill level 5 in Armour
  8570 | D:8      | Found a shimmering altar of Xom.
  8726 | D:8      | Noticed a two-headed ogre
  8748 | D:8      | HP: 3/69 [two-headed ogre/+0 giant club (16)]
  8749 | D:8      | HP: 1/69 [two-headed ogre/+0 giant club (2)]
  8751 | D:8      | Slain by a two-headed ogre

Illustrated notes

Levels and vault maps discovered:
D:1:      dpeg_chamrin_arrival_tetris, layout_basic
D:2:      layout_basic, lemuel_round_altar, corner_web_ring
D:3:      minmay_spotlight, layout_rooms, serial_undead, serial_undead_c,
          serial_undead_e, serial_undead_d, serial_undead_e, serial_undead_f,
          serial_undead_b, biasface_ghost_orc_armoury, first_ration, uniq_robin
D:4:      layout_basic, ebering_ghost_inner_flame, serial_shops, shop, uniq_ijyb
D:5:      layout_cave_pools, lemuel_blue_sif_altar, uniq_prince_ribbit1,
          uniq_edmund
D:6:      layout_loops_corners, grunt_temple_overflow_holy_war,
          nicolae_gozag_zags_fifth_avenue,
          minmay_temple_entry_statues_fountains, serial_shops, shop_fountains,
          minmay_liquid_box
D:7:      layout_basic, zin_statuary
D:8:      layout_basic, tgw_xom, gammafunk_ghost_nasty_kobolds, uniq_psyche,
          uniq_grum

Skill      XL: |  1  2  3  4  5  6  7  8  9 |
---------------+----------------------------+-----
Spellcasting   | 5 6 |  6.6
Invocations    | 1 2 3 4 |  4.6
Short Blades   | 1 2 3 4 |  4.2
Axes           | 1 2 3 4 |  4.2
Maces & Flails | 1 2 3 4 |  4.2
Polearms       | 1 2 3 4 |  4.2
Staves         | 1 2 3 4 |  4.2
Slings         | 1 2 3 4 |  4.2
Bows           | 1 2 3 4 |  4.2
Crossbows      | 1 2 3 4 |  4.2
Throwing       | 1 2 3 4 |  4.2
Stealth        | 1 2 3 4 |  4.2
Shields        | 1 2 3 4 |  4.2
Unarmed Combat | 1 2 3 4 |  4.2
Evocations     | 1 2 3 4 |  4.2
Conjurations   | 1 2 3 |  3.4
Hexes          | 1 2 3 |  3.4
Summonings     | 1 2 3 |  3.4
Necromancy     | 1 2 3 |  3.4
Translocations | 1 2 3 |  3.4
Transmutations | 1 2 3 |  3.4
Fire Magic     | 1 2 3 |  3.4
Ice Magic      | 1 2 3 |  3.4
Air Magic      | 1 2 3 |  3.4
Earth Magic    | 1 2 3 |  3.4
Poison Magic   | 1 2 3 |  3.4
Armour         | 3 4 5 |  5.0
Fighting       | 5 6 |  6.3
Long Blades    | 5 6 |  6.3
Dodging        | 5 6 |  6.3
Charms         | 6 |  6.5

Action                   |  1- 3 |  4- 6 |  7- 9 || total
-------------------------+-------+-------+-------++-------
Melee: Falchion          |    91 |   164 |    66 ||   321
       Bite              |    10 |    16 |    39 ||    65
       Punch             |       |     2 |     3 ||     5
       Dagger            |       |    29 |   281 ||   310
Throw: Dart              |     6 |       |       ||     6
 Cast: Infusion          |     3 |     7 |     4 ||    14
       Song of Slaying   |       |     5 |     3 ||     8
       Spectral Weapon   |       |     3 |    25 ||    28
       Shroud of Golubri |       |     4 |     7 ||    11
       Foxfire           |       |    32 |    62 ||    94
 Stab: Sleeping          |     2 |     2 |     1 ||     5
       Distracted        |       |       |     3 ||     3
  Eat: Chunk             |     4 |     7 |     9 ||    20
       Ration            |       |     1 |     1 ||     2
Armor: Leather armour    |    11 |    38 |   103 ||   152
Dodge: Dodged            |    55 |   125 |   250 ||   430
       Rpst.: Falchion   |    21 |    28 |    16 ||    65
